 Dungeon Sprint DCSS version 0.30-a0-757-ga6a79fd877 (webtiles) character file.

Game seed: 13734419106694237402

12226 BigDaddyOpFi the Warrior (level 11, -5/118 HPs)
             Began as a Hill Orc Fighter on Feb 9, 2023.
             Was a Priest of Jiyva.
             Slain by an iron golem (33 damage)
             ... in the Dungeon (Sprint V: "Ziggurat Sprint").
             The game lasted 00:04:12 (1248 turns).

BigDaddyOpFi the Warrior (Hill Orc Fighter)         Turns: 1248, Time: 00:04:13

Health: -5/118     AC: 32    Str: 39    XL:     11   Next: 90%
Magic:  20/20      EV:  3    Int:  8    God:    Jiyva [***...]
Gold:   0          SH: 31    Dex: 10    Spells: 10/10 levels left

rFire   . . .      SeeInvis +    E - +6 shillelagh "Devastator" {shatter}
rCold   + . .      Faith    +    D - +18 shield of the Gong {Loud rN+ Will+ rCorr EV-5}
rNeg    + . .      Spirit   .    C - +15 Maxwell's patent armour {-Cast -Tele rElec Will+ rCorr}
rPois   .          Reflect  .    F - +0 mask of the Dragon {Will+ Slay+3 SInv}
rElec   +          Harm     .    (no cloak)
rCorr   +          Rampage  .    (no gloves)
Will    +++..      NoTele   +    (no boots) Stlth NoCast +
                                 K - amulet "Dinuob" {Faith rC+ MP+9 Str+3}
HPRegen 1.51/turn                z - +6 ring of strength
MPRegen 0.52/turn                A - +6 ring of strength

@: studying Throwing
A: no striking features
a: Renounce Religion, Oozemancy


You were in the Dungeon.
You worshipped Jiyva.
Jiyva was most pleased with you.
You visited 1 branch

Inventory:

Hand Weapons
 E - the +6 shillelagh "Devastator" (weapon) {shatter}
   (You found it in the Dungeon)
Armour
 C - the +15 Maxwell's patent armour (worn) {-Cast -Tele rElec Will+ rCorr}
   (You found it in the Dungeon)

   rElec:     It insulates you from electricity.
   -Cast:     It prevents spellcasting.
   -Tele:     It prevents most forms of teleportation.
   rCorr:     It protects you from acid and corrosion.
   Will:      It increases your willpower.
 D - the +18 shield of the Gong (worn) {Loud rN+ Will+ rCorr EV-5}
   (You found it in the Dungeon)

   Loud:      It is deafeningly noisy when blocking attacks.
   EV:        It affects your evasion (-5).
   rN:        It protects you from negative energy.
   rCorr:     It protects you from acid and corrosion.
   Will:      It increases your willpower.
 F - the +0 mask of the Dragon (worn) {Will+ Slay+3 SInv}
   (You found it in the Dungeon)

   Slay:      It affects your accuracy & damage with ranged weapons and melee
   (+3).
   SInv:      It lets you see invisible.
   Will:      It increases your willpower.
Jewellery
 b - a +4 ring of protection
 c - a ring of protection from cold
 u - a ring of flight
 v - a +6 ring of dexterity
 w - a +6 ring of dexterity
 x - a +6 ring of intelligence
 y - a +6 ring of intelligence
 z - a +6 ring of strength (left hand)
 A - a +6 ring of strength (right hand)
 G - the ring of Ikyber {+Blink Fly rElec rF+ MP+9}
   (You found it in the Dungeon)

   [ring of flight]

   rF:        It protects you from fire.
   rElec:     It insulates you from electricity.
   MP:        It affects your magic capacity (+9).
   Fly:       It grants you flight.
   +Blink:    It lets you blink.
 H - the amulet of Roroev {rN++ Regen+ Int+3 Dex-3}
   (You found it in the Dungeon)

   [amulet of regeneration]

   Int:       It affects your intelligence (+3).
   Dex:       It affects your dexterity (-3).
   rN:        It greatly protects you from negative energy.
   Regen:     It increases your rate of health regeneration.
 I - an amulet of reflection
 J - a ring of ice
 K - the amulet "Dinuob" (around neck) {Faith rC+ MP+9 Str+3}
   (You found it in the Dungeon)

   [amulet of faith]

   It allows you to gain divine favour quickly.
   Str:       It affects your strength (+3).
   rC:        It protects you from cold.
   MP:        It affects your magic capacity (+9).
 L - a ring of magical power
Wands
 s - a wand of mindburst (7)
 t - a wand of quicksilver (7) (quivered)
Scrolls
 a - 4 scrolls of enchant armour
 j - 4 scrolls of blinking
 n - 8 scrolls of enchant weapon
 o - 4 scrolls of amnesia
 p - 7 scrolls of fog
 q - 5 scrolls of identify
 r - 2 scrolls of fear
Potions
 d - 4 potions of might
 e - 9 potions of curing
 g - 5 potions of haste
 h - 7 potions of magic
 i - 3 potions of berserk rage
 k - 2 potions of brilliance
 l - 2 potions of invisibility
 m - 3 potions of resistance
Miscellaneous
 B - a lightning rod (4/4)


   Skills:
 + Level 17.7 Fighting
 - Level 2.6(12.6) Axes
 + Level 16.0(16.1) Maces & Flails
 + Level 16.4 Armour
 + Level 16.4 Shields


You had 10 spell levels left.
You didn't know any spells.
Your spell library contained the following spells:

 Spells                   Type           Power      Damage    Failure   Level
 Slow                     Hex            0%         N/A       95%         1
 Sublimation of Blood     Necr           0%         N/A       98%         2
 Confusing Touch          Hex            0%         N/A       100%        3
 Vampiric Draining        Necr           0%         2d6       100%        3
 Fulminant Prism          Conj/Hex       0%         3d5       100%        4
 Petrify                  Tmut/Erth      0%         N/A       100%        4
 Arcjolt                  Conj/Air       0%         1d10      100%        5
 Fireball                 Conj/Fire      0%         3d3       100%        5
 Irradiate                Conj/Tmut      0%         3d11      100%        5
 Iskenderun's Battlesphe  Conj           0%         2d6       100%        5
 Conjure Ball Lightning   Conj/Air       0%         3x3d6     100%        6
 Eringya's Noxious Bog    Tmut/Pois      0%         N/A       100%        6
 Statue Form              Tmut/Erth      0%         N/A       100%        6
 Enfeeble                 Hex            0%         N/A       100%        7
 Orb of Destruction       Conj           0%         9d5       100%        7


Dungeon Overview and Level Annotations

Branches:
Dungeon (1/1)

Altars:
Ashenzari
Cheibriados
Dithmenos
Elyvilon
Fedhas
Gozag
Hepliaklqana
Kikubaaqudgha
Makhleb
Nemelex Xobeh
Okawaru
Qazlal
Ru
Sif Muna
Trog
Uskayaw
Vehumet
Wu Jian
Xom
Yredelemnul
Zin
The Shining One
Beogh
Jiyva
Lugonu

Annotations:
D 1 transporter


Message History

The iron dragon is heavily wounded.
The iron golem is lightly damaged. x2
The gargoyle is severely damaged.
The quicksilver dragon is lightly wounded.
The iron dragon is moderately wounded.
The earth elemental is moderately damaged.
The iron dragon is heavily wounded.
You block the quicksilver dragon's attack.
SHROANNG!
You block the quicksilver dragon's attack.
SHROANNG!
You block the iron golem's attack.
GONNNNG!
The iron golem completely misses you.
The iron golem hits you but does no damage. x2
You hit the iron dragon.
There is a shattering impact!
The iron dragon is severely wounded.
The iron golem is lightly damaged. x2
You destroy the gargoyle!
The iron dragon is moderately wounded.
The earth elemental is heavily damaged.
The iron dragon is severely wounded.
The quicksilver dragon bites you but does no damage.
You block the quicksilver dragon's attack.
BOUMMMMG!
The iron dragon bites you but does no damage.
You block the iron dragon's attack.
GONNNNG!
You block the iron dragon's attack.
PTOANNNG!
The iron golem hits you! The iron golem hits you!!
* * * LOW HITPOINT WARNING * * *
Your Maces & Flails skill increases to level 16!
You feel better.
You block the quicksilver dragon's attack.
BONNNG!
You block the quicksilver dragon's attack.
PTOANNNG!
The iron golem hits you!!
You die...

▓▓▓▓▓▓▓▓▓▓▓▓▓▓▓▓▓▓▓
▓...8©8...▓...8©8...▓
▓..=}:=|..▓...)).)..▓
▓..|[[:)..▓...|[|}..▓
▓.........▓.........▓
▓.........▓...†.....▓
▓....E....▓.........▓
▓...9DDD..▓.........▓
▓...9@9...▓.▓.....▓.▓
▓...9.....▓....©....▓
▓....©....▓▓▓▓▓▓▓▓▓▓▓
▓▓▓▓▓▓▓▓▓▓▓


You could see 2 iron golems, 2 iron dragons, a quicksilver dragon, 2 crystal
guardians and an earth elemental.

Vanquished Creatures
  2 yellow draconians (D)
  A purple draconian (D)
  A red draconian (D)
  A crystal guardian (D)
  A two-headed ogre (D)
  A dancing weapon (D)
  A deep elf archer (D)
  4 deep elf pyromancers (D)
  6 draconians (D)
  A gargoyle (D)
  2 trolls (D)
  2 wind drakes (D)
  9 air elementals (D)
  A yak (D)
  A water elemental (D)
  A fire elemental (D)
  An ogre (D)
  A bullfrog (D)
  2 necrophages (D)
  An earth elemental (D)
  2 orc priests (D)
  2 orc wizards (D)
  3 river rats (D)
  An adder skeleton (D)
  An orc (D)
  A bat skeleton (D)
  A bat zombie (D)
  A jackal (D)
  A ball python zombie (D)
  A giant cockroach zombie (D)
  A quokka skeleton (D)
  A quokka zombie (D)
56 creatures vanquished.

Vanquished Creatures (others)
  the Royal Jelly (D)
  3 acid blobs (D)
  4 azure jellies (D)
  A rockslime (D)
  4 quicksilver oozes (D)
  Prince Ribbit (D)
  8 jellies (D)
22 creatures vanquished.

Grand Total: 78 creatures vanquished

Notes
Turn   | Place    | Note
-------+----------+-------------------------------------------
     0 | D        | BigDaddyOpFi the Hill Orc Fighter began the quest for the
                  | Orb.
     0 | D        | Reached XP level 1. HP: 19/19 MP: 1/1
     4 | D        | Found a blossoming altar of Fedhas.
     4 | D        | Found the +6 Majin-Bo {spellvamp, MP+6 Int+6}
     4 | D        | Found the +27 heavy crossbow "Sniper" {heavy, Acc+∞ SInv}
     4 | D        | Found the +10 dark maul {heavy}
     4 | D        | Found the +15 Maxwell's patent armour {-Cast -Tele rElec
                  | Will+ rCorr}
     4 | D        | Found the +18 shield of the Gong {Loud rN+ Will+ rCorr
                  | EV-5}
     4 | D        | Found the +16 obsidian axe {drain, demonic, Mesm Drain Fly
                  | SInv}
     4 | D        | Found the +7 great mace "Firestarter" {flame, inner flame,
                  | rFlCloud rF++}
     4 | D        | Found the +6 shillelagh "Devastator" {shatter}
     4 | D        | Found the +11 plutonium sword {Contam Stlth-}
     4 | D        | Found the +8 lance "Wyrmbane" {slay drac, rPois rF+ rC+
                  | AC+3}
     4 | D        | Found the +9 sword of Zonguldrok {reap}
     4 | D        | Found the +13 scythe of Curses {drain, curses, Drain}
     4 | D        | Found the +9 sword of Power {lifebolt}
     4 | D        | Found the +7 mace of Variability {chaos, chain chaos}
     4 | D        | Found the +11 Singing Sword {sonic wave}
     4 | D        | Found the +8 storm bow {elec, penet}
     7 | D        | Found a shimmering blue altar of Sif Muna.
     7 | D        | Found a sacrificial altar of Ru.
     7 | D        | Found a bloodstained altar of Trog.
     7 | D        | Found a stormy altar of Qazlal.
     7 | D        | Found an iron altar of Okawaru.
     7 | D        | Found a sparkling altar of Nemelex Xobeh.
    10 | D        | Found an ancient bone altar of Kikubaaqudgha.
    10 | D        | Found a transporter.
    10 | D        | Found a corrupted altar of Lugonu.
    10 | D        | Found a viscous altar of Jiyva.
    10 | D        | Found a burning altar of Makhleb.
    10 | D        | Found a hazy altar of Hepliaklqana.
    10 | D        | Found an opulent altar of Gozag.
    33 | D        | Became a worshipper of Jiyva Jais the Shapeless
    34 | D        | Killed a quicksilver ooze
    35 | D        | Killed a rockslime
    35 | D        | Killed Prince Ribbit
    35 | D        | Killed an azure jelly
    35 | D        | Killed the Royal Jelly
    35 | D        | Killed an acid blob
    35 | D        | Killed an azure jelly
    36 | D        | Killed a quicksilver ooze
    36 | D        | Killed an acid blob
    36 | D        | Killed an azure jelly
    37 | D        | Killed an azure jelly
    37 | D        | Killed an acid blob
    38 | D        | Killed a quicksilver ooze
    38 | D        | Killed a quicksilver ooze
    87 | D        | Reached skill level 5 in Fighting
    87 | D        | Reached skill level 5 in Armour
    87 | D        | Reached skill level 5 in Shields
    87 | D        | Reached XP level 2. HP: 30/30 MP: 2/2
    88 | D        | Entered arena 2.
    88 | D        | Noticed a draconian
    88 | D        | Noticed a draconian
    88 | D        | Found a transporter.
   105 | D        | Killed a draconian
   106 | D        | Reached skill level 9 in Fighting
   106 | D        | Reached XP level 3. HP: 33/44 MP: 3/3
   106 | D        | Reached XP level 4. HP: 37/50 MP: 4/4
   106 | D        | Reached XP level 5. HP: 43/57 MP: 5/5
   106 | D        | Reached XP level 6. HP: 48/64 MP: 6/6
   111 | D        | Killed a draconian
   112 | D        | Reached skill level 10 in Fighting
   112 | D        | Reached XP level 7. HP: 57/73 MP: 7/7
   224 | D        | Got the Dissertation on Captivating Metamorphosis
   230 | D        | Entered arena 3.
   230 | D        | Noticed a water elemental
   230 | D        | Noticed a deep elf pyromancer
   230 | D        | Noticed a deep elf pyromancer
   230 | D        | Found a transporter.
   235 | D        | Noticed a fire elemental
   235 | D        | Noticed a fire elemental
   237 | D        | Killed a water elemental
   238 | D        | Reached skill level 11 in Fighting
   238 | D        | Reached skill level 10 in Armour
   238 | D        | Reached skill level 10 in Shields
   238 | D        | Reached XP level 8. HP: 62/82 MP: 8/8
   238 | D        | Killed a deep elf pyromancer
   239 | D        | Reached skill level 10 in Maces & Flails
   240 | D        | Killed a deep elf pyromancer
   241 | D        | Reached skill level 12 in Fighting
   241 | D        | Reached XP level 9. HP: 70/91 MP: 9/9
   246 | D        | Entered arena 4.
   246 | D        | Noticed a troll
   246 | D        | Noticed a troll
   246 | D        | Noticed a two-headed ogre
   246 | D        | Found a transporter.
   250 | D        | Killed a troll
   253 | D        | Killed a troll
   253 | D        | Killed a two-headed ogre
   254 | D        | Reached skill level 13 in Fighting
   260 | D        | Got the Vellum of the Tarantula
   263 | D        | Entered arena 5.
   263 | D        | Found a transporter.
   263 | D        | Paralysed by an air elemental for 1 turns
   267 | D        | Paralysed by an air elemental for 1 turns
   270 | D        | Reached XP level 10. HP: 33/102 MP: 10/10
   273 | D        | Reached skill level 14 in Fighting
   568 | D        | Entered arena 6.
   568 | D        | Reached * piety under Jiyva
   568 | D        | Found a transporter.
   675 | D        | Entered arena 7.
   675 | D        | Found the +0 mask of the Dragon {Will+ Slay+3 SInv}
   675 | D        | Noticed a deep elf pyromancer
   675 | D        | Noticed a +1 war axe of freezing
   675 | D        | Noticed a deep elf pyromancer
   675 | D        | Noticed a deep elf archer
   681 | D        | Killed a deep elf pyromancer
   710 | D        | Killed a deep elf archer
   711 | D        | Killed a deep elf pyromancer
   712 | D        | Reached skill level 15 in Fighting
   712 | D        | Found a transporter.
   714 | D        | Killed a +1 war axe of freezing
   876 | D        | Got the ring of Ikyber {+Blink Fly rElec rF+ MP+9}
   882 | D        | Acquired a manual of Throwing
   886 | D        | Entered arena 8.
   887 | D        | Found a transporter.
   899 | D        | Entered arena 9.
   900 | D        | Found a transporter.
   901 | D        | Paralysed by an air elemental for 1 turns
   908 | D        | Paralysed by an air elemental for 1 turns
   916 | D        | Paralysed by an air elemental for 1 turns
   919 | D        | Paralysed by an air elemental for 1 turns
   925 | D        | Reached XP level 11. HP: 77/114 MP: 11/11
   925 | D        | Paralysed by an air elemental for 1 turns
   933 | D        | Reached skill level 16 in Fighting
  1020 | D        | Got the amulet of Roroev {rN++ Regen+ Int+3 Dex-3}
  1033 | D        | Entered arena 10.
  1033 | D        | Noticed a purple draconian
  1033 | D        | Noticed a draconian
  1033 | D        | Noticed a draconian
  1033 | D        | Noticed a yellow draconian
  1033 | D        | Noticed a red draconian
  1033 | D        | Noticed a draconian
  1033 | D        | Noticed a draconian
  1033 | D        | Noticed a yellow draconian
  1033 | D        | Reached ** piety under Jiyva
  1034 | D        | Found a transporter.
  1038 | D        | Killed a draconian
  1043 | D        | Killed a red draconian
  1043 | D        | Killed a draconian
  1044 | D        | Reached skill level 15 in Armour
  1044 | D        | Reached skill level 15 in Shields
  1048 | D        | Killed a draconian
  1048 | D        | Killed a yellow draconian
  1049 | D        | Reached skill level 15 in Maces & Flails
  1051 | D        | Killed a draconian
  1052 | D        | Reached skill level 17 in Fighting
  1052 | D        | Killed a purple draconian
  1053 | D        | Killed a yellow draconian
  1157 | D        | Got the amulet "Dinuob" {Faith rC+ MP+9 Str+3}
  1171 | D        | Entered arena 11.
  1172 | D        | Found a transporter.
  1235 | D        | Entered arena 12.
  1235 | D        | Noticed an iron golem
  1235 | D        | Noticed an iron golem
  1235 | D        | Noticed a crystal guardian
  1235 | D        | Noticed a crystal guardian
  1235 | D        | Noticed an iron dragon
  1235 | D        | Reached *** piety under Jiyva
  1236 | D        | Noticed a crystal guardian
  1236 | D        | Noticed a quicksilver dragon
  1236 | D        | Noticed an iron dragon
  1240 | D        | Found a transporter.
  1245 | D        | Killed a crystal guardian
  1248 | D        | Slain by an iron golem

Illustrated notes

Levels and vault maps discovered:
D:        sprint_v [room_start, room_1, room_2, room_3, room_4, room_5, room_6,
          room_7, room_8, room_9, room_10, room_11, room_12, room_13, room_14,
          room_15, room_16, room_17, room_18, room_19, room_20, room_21,
          room_22, room_23, room_24, room_25, room_26, room_27]

Skill      XL: |  1  2  3  4  5  6  7  8  9 10 11 |
---------------+----------------------------------+-----
Fighting       | 5 9 10 11 12 13 15 17 | 17.7
Maces & Flails | 3 7 9 10 12 14 16 | 16.0
Armour         | 5 8 9 10 11 12 14 16 | 16.4
Shields        | 5 8 9 10 11 12 14 16 | 16.4
Axes           | |  2.6

Action                     |  1- 3 |  4- 6 |  7- 9 | 10-12 || total
---------------------------+-------+-------+-------+-------++-------
  Melee: Shillelagh        |    15 |     6 |    16 |    98 ||   135
    Use: Potion            |     3 |       |     1 |    12 ||    16
         Scroll            |       |       |       |     1 ||     1
 Armour: Plate armour      |     5 |       |    18 |   108 ||   131
  Dodge: Dodged            |       |       |     2 |    11 ||    13
  Block: Kite shield       |    30 |     5 |    22 |   174 ||   231
         Reflection        |       |       |       |     2 ||     2

Table legend: (Time is in decaauts)
 A = Elapsed time spent in this place.
 B = Non-inter-level travel time spent in this place.
 C = Inter-level travel time spent in this place.
 D = Time resting spent in this place.
 E = Time spent auto-exploring this place.
 F = Levels seen in this place.
 G = Mean time per level.
                   A        B        C        D        E       F      G
               +--------+--------+--------+--------+--------+-----+--------+
         Total |   1220 |   1220 |      0 |    845 |      0 |   1 | 1220.0 |
       Dungeon |   1220 |   1220 |      0 |    845 |      0 |   1 | 1220.0 |
               +--------+--------+--------+--------+--------+-----+--------+

Top non-repeatable levels by time:
       D: 1220 daAuts
